 Dungeon Crawl Stone Soup version 0.30.1-11-g7821555f0a (webtiles) character file.

Game seed: 977241707074826203

9 Malachai the Shooter (level 2, -2/24 HPs)
             Began as a Draconian Hunter on Nov 10, 2023.
             Was a Follower of Cheibriados.
             Slain by an adder (3 damage)
             ... on level 2 of the Dungeon.
             The game lasted 00:01:32 (1145 turns).

Malachai the Shooter (Draconian Hunter)             Turns: 1145, Time: 00:01:33

Health: -2/24      AC:  4    Str: 15    XL:     2   Next: 6%
Magic:  2/2        EV:  9    Int: 11    God:    Cheibriados [*.....]
Gold:   168        SH:  0    Dex: 16    Spells: 1/1 levels left

rFire   . . .        a - +0 shortbow
rCold   . . .        (shield currently unavailable)
rNeg    . . .        (body armour unavailable)
rPois   .            (helmet restricted)
rElec   .            (no cloak)
rCorr   .            (no gloves)
SInv    .            (no boots)
Will    .....        (no amulet)
Stlth   ++           (no ring)
HPRegen 0.24/turn    (no ring)
MPRegen 0.08/turn

%: no passive effects
@: lethally poisoned (-2 -> -13), attractive, constricted, very slow
A: AC +4, unfitting armour, cold-blooded
a: Renounce Religion, Bend Time


You were on level 2 of the Dungeon.
You worshipped Cheibriados.
Cheibriados was aware of your devotion.
You visited 1 branch of the dungeon, and saw 2 of its levels.

You collected 168 gold pieces.

Inventory:

Hand Weapons
 a - a +0 shortbow (weapon)
Missiles
 g - 3 poisoned darts
 j - 3 boomerangs
Jewellery
 h - an amulet of guardian spirit
Scrolls
 b - a scroll of immolation
 c - a scroll of enchant armour {unknown}
 d - a scroll of torment {unknown}
 e - a scroll of teleportation {unknown}
 i - a scroll of amnesia {unknown}


   Skills:
 * Level 2.2 Fighting
 * Level 4.0 Ranged Weapons
 * Level 1.8 Dodging
 * Level 0.9 Stealth
 * Level 0.1 Spellcasting


You had one spell level left.
You didn't know any spells.
Your spell library was empty.

Dungeon Overview and Level Annotations

Branches:
Dungeon (2/15)

Altars:
Cheibriados


Innate Abilities, Weirdness & Mutations

Your plain brown scales are hard. (AC +4)
You cannot fit into any form of body armour.
You are cold-blooded and may be slowed by cold attacks.


Message History

You are poisoned.
The adder poisons you! The ball python bites you.
The ball python constricts you. The adder closely misses you.
Fire: a) +0 shortbow
Press: ? - help, Q - select action, (/) - cycle Shift-Dir - straight line, f/p - adder
Aim: an adder (moderately wounded, 46% to hit)
You shoot an arrow. The arrow misses the adder.
You feel sick.
The ball python bites you but does no damage.
The ball python constricts you. The adder barely misses you.
The ball python bites you. The ball python constricts you.
Fire: a) +0 shortbow
Press: ? - help, Q - select action, (/) - cycle Shift-Dir - straight line, f/p - adder
Aim: an adder (moderately wounded, 46% to hit)
You shoot an arrow. The arrow closely misses the adder.
You feel sick. The adder bites you.
You are lethally poisoned!
The adder poisons you!
The ball python bites you but does no damage.
The ball python constricts you. The adder bites you.
You are more poisoned.
The adder poisons you!
The ball python bites you but does no damage.
The ball python constricts you.
* * * LOW HITPOINT WARNING * * *
It was a potion of attraction.
You feel attractive to monsters.
* * * LOW HITPOINT WARNING * * *
You feel very sick. The adder bites you.
* * * LOW HITPOINT WARNING * * *
The ball python barely misses you. The ball python constricts you.
Fire: a) +0 shortbow
Press: ? - help, Q - select action, (/) - cycle Shift-Dir - straight line, f/p - adder
Aim: an adder (moderately wounded, 46% to hit)
You shoot an arrow. The arrow barely misses the adder.
* * * LOW HITPOINT WARNING * * *
You feel very sick. The adder bites you.
You die...

#.. #.. #..
#
##..#####.
#........
####......#
........S.#
#.@# ##S#
..# #..#
#..# #..#
#..# #..#


You could see an adder and a ball python.

Vanquished Creatures
  A dart slug (D:1)
  A goblin (D:1)
  3 ball pythons
  A frilled lizard (D:1)
  A kobold (D:2)
  2 rats (D:1)
9 creatures vanquished.

Notes
Turn   | Place    | Note
-------+----------+-------------------------------------------
     0 | D:1      | Malachai the Draconian Hunter began the quest for the Orb.
     0 | D:1      | Reached XP level 1. HP: 17/17 MP: 1/1
   356 | D:1      | Found a faded altar of an unknown god.
   360 | D:1      | Prayed at the altar of an unknown god.
   360 | D:1      | Became a worshipper of Cheibriados the Contemplative
   360 | D:1      | Reached * piety under Cheibriados
   837 | D:1      | Reached skill level 4 in Ranged Weapons
   837 | D:1      | Reached XP level 2. HP: 15/24 MP: 2/2
  1145 | D:2      | HP: 1/24 [poisoned by an adder]
  1145 | D:2      | Slain by an adder

Illustrated notes

Levels and vault maps discovered:
D:1:      wheals_arrival_linesprint, layout_basic,
          hellmonk_ecumenical_altar_inner_sanctum,
          wander_ebering_terrifying_dragon_lair
D:2:      layout_loops_ring

Skill      XL: |  1 |
---------------+----+-----
Ranged Weapons | 4 |  4.0
Fighting       | |  2.2
Dodging        | |  1.8
Stealth        | |  0.9
Spellcasting   | |  0.1

Action                     || total
---------------------------++-------
   Fire: Shortbow          ||    25
    Use: Potion            ||     1
 Armour: Skin              ||     7
  Dodge: Dodged            ||    12
